[Event "Mitropa Cup Open 2024"]
[Site "Apolda"]
[Date "2024.02.15"]
[Round "1.1"]
[White "Bluebaum, Matthias"]
[Black "Brunello, Sabino"]
[Result "1/2-1/2"]
[ECO "D26"]
[WhiteElo "2655"]
[BlackElo "2512"]
[Annotator "RC"]
[PlyCount "180"]
[EventDate "2024.02.15"]
[EventType "team-tourn"]
[EventCountry "GER"]
[SourceTitle "playchess.com"]
[Source "ChessBase"]
[SourceQuality "1"]
[WhiteTeam "Germany"]
[BlackTeam "Italy"]
[WhiteTeamCountry "GER"]
[BlackTeamCountry "ITA"]
[TimeControl "40/5400+30:1800+30"]

1. Nf3 Nf6 2. c4 e6 3. Nc3 d5 4. e3 dxc4 5. Bxc4 c5 6. d4 Nc6 7. O-O a6 8. d5 Na5 9. b3 b5 10. Bd3 exd5 11. e4 dxe4 12. Nxe4 Nxe4 13. Bxe4 Qxd1 14. Rxd1 Bb7 15. Bxb7 Nxb7 16. a4 b4 17. Ra2 Be7 18. Re2 Na5 19. Bf4 Nc6 20. Rd6 Rc8 21. g3 f6 22. Ree6 Nd8 23. Re4 Rc6 24. Nd2 Kf7 25. Rd7 Ne6 26. Nc4 Rd8 27. Ra7 g5 28. Na5 Rcc8 29. Rxa6 Nd4 30. Ra7 gxf4 31. Rexe7+ Kg6 32. Rxh7 Nf3+ 33. Kg2 Ng5 34. Rhg7+ Kf5 35. Rad7 f3+ 36. Kf1 Ne6 37. Rge7 Rxd7 38. Rxd7 Nd4 39. h4 Ke6 40. Ra7 c4 41. Ra6+ Ke7 42. Ra7+ Ke6 43. Ra6+ Ke7 44. Ra7+ Kf8 45. bxc4 Rb8 46. g4 b3 47. Nxb3 Nxb3 48. Kg1 Nd2 49. Ra5 Rb4 50. Kh2 Rxc4 51. Kg3 Nf1+ 52. Kxf3 Nh2+ 53. Kg3 Nxg4 54. Rf5 Rxa4 55. f3 Ne3 56. Rxf6+ Kg7 57. Rf4 Ra2 58. Re4 Nf5+ 59. Kg4 Kf6 60. Rb4 Rg2+ 61. Kf4 Nxh4 62. Rb6+ Ke7 63. Rb7+ Kd6 64. Rb6+ Kc5 65. Rb8 Ng6+ 66. Ke3 Ne7 67. f4 Rg3+ 68. Ke4 Rg1 69. Ra8 Re1+ 70. Kf3 Nd5 71. f5 Kd4 72. f6 Rf1+ 73. Ke2 Rxf6 74. Rd8 Rf7 75. Ke1 Ke4 76. Ke2 Ra7 77. Re8+ Kd4 78. Rd8 Rf7 79. Ke1 Rf6 80. Ke2 Rf5 81. Rd7 Ke4 82. Rd8 Nf4+ 83. Kd2 Ne6 84. Re8 Re5 85. Rh8 Rd5+ 86. Kc3 Rc5+ 87. Kd2 Rd5+ 88. Kc3 Rd3+ 89. Kc4 Rd7 90. Kc3 Rc7+ 1/2-1/2

[Event "Mitropa Cup Open 2024"]
[Site "Apolda"]
[Date "2024.02.15"]
[Round "1.2"]
[White "David, Alberto"]
[Black "Donchenko, Alexander"]
[Result "1-0"]
[ECO "E42"]
[WhiteElo "2525"]
[BlackElo "2643"]
[Annotator "TA"]
[PlyCount "95"]
[EventDate "2024.02.15"]
[EventType "team-tourn"]
[EventCountry "GER"]
[SourceTitle "playchess.com"]
[Source "ChessBase"]
[SourceQuality "1"]
[WhiteTeam "Italy"]
[BlackTeam "Germany"]
[WhiteTeamCountry "ITA"]
[BlackTeamCountry "GER"]
[TimeControl "40/5400+30:1800+30"]

1. d4 Nf6 2. c4 e6 3. Nc3 Bb4 4. e3 c5 5. Nge2 d5 6. a3 Ba5 7. dxc5 dxc4 8. Qxd8+ Kxd8 9. Bd2 Nbd7 {[%emt 0:11:59] The position is equal.} 10. Ng3 Nd5 11. Nge4 Bxc3 12. Nxc3 Nxc5 13. Rd1 Ke7 14. Nxd5+ exd5 15. Bb4 b6 16. Rxd5 Be6 17. Rd4 (17. Bxc5+ $6 bxc5 18. Rxc5 Rhc8 19. Rxc8 Rxc8 $16) 17... a5 18. Bc3 b5 19. Rh4 $1 f6 {[%emt 0:01:57] Black wants to play ...Rhb8.} 20. Be2 {[%emt 0:01:55] [#]} (20. Rh5 $1 $11 Kd6 21. Be2) 20... h6 (20... Rhb8 $1 $17 21. Bd1 (21. Rxh7 Kf7 $17) 21... Bf5 (21... Nd3+ 22. Ke2 $17)) 21. Rh5 $11 Rhc8 22. Bd4 Nb3 {[%emt 0:08:11] And now ...b4 would win.} 23. Bf3 $1 (23. Rxb5 $2 Nxd4 24. exd4 Rab8 $19) 23... Nxd4 24. Bxa8 Bf7 25. Rh4 Nf5 (25... Nb3 $11 {should be considered.} 26. Bf3 Rd8) 26. Rf4 (26. Re4+ $14 {is more appropriate.} Kd6 27. g4 Nxe3 28. fxe3 Rxa8 29. Ke2 (29. Rd4+ Kc7 $16)) 26... Nd6 $1 ({Reject} 26... Nxe3 $6 27. Re4+ Be6 28. Rxe3 $16) 27. Bf3 c3 28. bxc3 Rxc3 29. O-O Rxa3 30. Rc1 (30. Rd1 $11 {keeps the balance.}) 30... Bc4 (30... b4 $17 {Strongly threatening ...b3.} 31. Rd4 (31. Rc7+ Kd8 $11) 31... Nb5 32. Re4+ Kd6) 31. Rd4 Rd3 32. Rxd3 Bxd3 {[%emt 0:00:02][%mdl 4096] Endgame. KRB-KBN} 33. Rc7+ Ke6 34. Rxg7 a4 35. Ra7 Nc4 (35... Ne4 $1 $11) 36. Bc6 Ne5 37. Be8 {[%emt 0:00:15] aiming for f4.} Kd5 38. f4 Ng4 39. Re7 {[%emt 0:01:00] h3 would now be deadly.} f5 $2 {[%emt 0:00:54][%mdl 8192] This costs Black the game.} (39... Bc4 $11 {and Black stays safe.}) 40. h3 $18 Nf6 {[%emt 0:00:35] Inhibits Rd7+. White must now prevent ...Nxe8.} 41. Re5+ Kd6 {[%emt 0:03:15] Threatens to win with ...Nxe8.} 42. Bxb5 Bxb5 (42... Bc2 $142 43. Bc4 Nd7) 43. Rxb5 {[%emt 0:00:00] KR-KN} Nd5 44. Ra5 Nc3 45. g4 Kc6 46. gxf5 {[%emt 0:00:00] Threatening mate with Ra7.} Kb6 47. Ra8 Kb7 {[%emt 0:00:05] [#]} 48. f6 $1 {[%emt 0:00:00] Weighted Error Value: White=0.15 (very precise) /Black=0.58.  Loses game:     	---       	Black=1      Mistake:       	White=3     	Black=5      Inaccurate:     	White=2     	Black=1      OK:         	White=17    	Black=15     Best:        	White=3     	Black=6      Strong:       	White=2     	Black=1} 1-0

[Event "Mitropa Cup Open 2024"]
[Site "Apolda"]
[Date "2024.02.15"]
[Round "1.3"]
[White "Kollars, Dmitrij"]
[Black "Carnicelli, Valerio"]
[Result "1-0"]
[ECO "B48"]
[WhiteElo "2632"]
[BlackElo "2427"]
[Annotator "TA"]
[PlyCount "61"]
[EventDate "2024.02.15"]
[EventType "team-tourn"]
[EventCountry "GER"]
[SourceTitle "playchess.com"]
[Source "ChessBase"]
[SourceQuality "1"]
[WhiteTeam "Germany"]
[BlackTeam "Italy"]
[WhiteTeamCountry "GER"]
[BlackTeamCountry "ITA"]
[TimeControl "40/5400+30:1800+30"]

1. e4 c5 2. Nf3 e6 3. d4 cxd4 4. Nxd4 Nc6 5. Nc3 Qc7 6. Be3 a6 7. Qd2 Nf6 8. O-O-O b5 9. f3 Be7 10. g4 Nxd4 11. Qxd4 Bb7 {[%emt 0:01:31] The position is equal.} 12. g5 Nh5 13. Kb1 Rc8 {[%emt 0:02:33] Threatens to win with ...b4.} 14. Qd2 b4 15. Na4 O-O 16. Bh3 (16. Qxd7 $2 Qxc2+ (16... Rfd8 $2 17. Qxc8 Rxc8 18. Bd3 $19) 17. Ka1 Rcd8 $19 (17... Rfd8 $2 18. Bd3 $19) (17... Rfd8 $2 18. Bd3 $19)) 16... Bc6 17. Nb6 Rcd8 18. Bg4 Nf4 19. Nc4 $1 $36 {[%emt 0:08:15][%mdl 2048] White is more active.} Bxg5 {[%emt 0:03:32] [#] This move loses the game for Black.} (19... Bb5 $14) 20. h4 $1 $18 (20. Qxb4 f5 21. Qc5 d5 $15) 20... Bh6 21. Nd6 $1 (21. Qxb4 Bb5 22. Qd6 Qxc4 $11) 21... f5 22. Bxf4 ({Less strong is} 22. exf5 e5 23. Qxb4 Nd5 $18) 22... Bxf4 23. Qxf4 fxg4 24. Qxg4 {[%emt 0:00:07] [#] Strongly threatening Rhg1.} Qa5 25. f4 {[%emt 0:02:42] Prevents Qe5. aiming for Rdg1.} Rf6 26. h5 Rdf8 27. Rhg1 g6 (27... R8f7 28. Rdf1 (28. Nxf7 Rxf7 29. Rde1 h6 $18) 28... Qc5) 28. hxg6 {[%emt 0:02:24] White is clearly winning.} Rxg6 29. Qh4 Qd8 30. Rxg6+ hxg6 31. Qh6 {[%emt 0:00:06] Weighted Error Value: White=0.18 (very precise) /Black=0.32.  Loses game:     	---       	Black=1      Mistake:       	---       	Black=1      Inaccurate:     	---       	Black=1      OK:         	White=6     	Black=7      Best:        	White=2     	Black=2      Strong:       	White=3     	---} 1-0

[Event "Mitropa Cup Open 2024"]
[Site "Apolda"]
[Date "2024.02.15"]
[Round "1.4"]
[White "Perossa, Nicolas"]
[Black "Svane, Frederik"]
[Result "0-1"]
[ECO "C54"]
[WhiteElo "2277"]
[BlackElo "2625"]
[Annotator "TA"]
[PlyCount "162"]
[EventDate "2024.02.15"]
[EventType "team-tourn"]
[EventCountry "GER"]
[SourceTitle "playchess.com"]
[Source "ChessBase"]
[SourceQuality "1"]
[WhiteTeam "Italy"]
[BlackTeam "Germany"]
[WhiteTeamCountry "ITA"]
[BlackTeamCountry "GER"]
[TimeControl "40/5400+30:1800+30"]

1. e4 e5 2. Nf3 Nc6 3. Bc4 Bc5 4. O-O Nf6 5. d3 d6 6. c3 O-O 7. Re1 a5 {[%emt 0:00:45] is cutting edge theory. C54: Giuoco Piano: 4 c3 Nf6, main lines with 5 d4 and 5 d3.} 8. h3 Be6 9. Bb5 Ba7 10. Be3 Bxe3 11. Rxe3 Ne7 12. Nbd2 Ng6 13. d4 h6 $146 ({Predecessor:} 13... h5 14. Qc2 c6 15. Bf1 a4 16. Ree1 b5 17. b4 axb3 18. axb3 Qc7 19. b4 Rfe8 20. dxe5 Rxa1 21. Rxa1 Nxe5 22. Nxe5 dxe5 {½-½ Svane,R (2641)-Tari,A (2635) POL-chT Ekstraliga 2023 (6.5)}) 14. Bf1 Re8 15. Kh2 c6 16. g3 Qc7 17. c4 exd4 18. Nxd4 Bd7 19. Qc2 h5 20. Bg2 h4 21. Qc3 Re5 22. Rf1 hxg3+ 23. fxg3 Rh5 24. Re2 Re8 25. Rxf6 gxf6 26. Qf3 Rh7 27. Qxf6 Ne5 28. Qg5+ Rg7 29. Qf4 Qd8 30. N4f3 Qb6 (30... Qe7 $17 31. b3 Ng6) 31. Nf1 $15 Qc5 32. b3 Nxf3+ 33. Qxf3 Qe5 34. Rf2 Rf8 35. Ne3 Kh8 36. Bh1 ({White should play} 36. a4 $15) 36... Rfg8 $17 37. Nf1 Rh7 38. Bg2 Bg4 (38... Rg6 $142 {aiming for ...Rgh6.} 39. Ne3 Bxh3 40. Bxh3 Rgh6) 39. Qe3 (39. Qf6+ $142 Qxf6 40. Rxf6) 39... Rg6 40. Qf4 {[%emt 0:00:54] [#]} (40. Rf4 $17 {might work better.}) 40... Bxh3 $1 $19 41. Bxh3 Rgh6 42. Qg4 Rxh3+ 43. Kg2 Qe6 44. Qxe6 fxe6 45. Rf8+ Kg7 46. Rd8 Kf6 47. Rxd6 Ke5 48. c5 Kxe4 49. Nd2+ Kf5 50. Nf3 R3h6 51. Rd4 Kf6 52. g4 Rh1 53. Rf4+ Ke7 54. Ng5 R7h2+ 55. Kg3 Re2 56. Rf7+ Ke8 57. Rxb7 e5 (57... Rxa2 58. Nxe6 Rb1 59. Kf4 $17) 58. Nf7 {[%emt 0:01:33] [#]} Re3+ $1 (58... Rxa2 59. Nxe5 Rc1 60. Rb8+ Ke7 61. Nxc6+ Kd7 62. Ne5+ Ke6 63. Re8+ Kd5 64. g5 $15) 59. Kf2 Rc3 60. Nd6+ Kf8 61. Kg2 (61. Rf7+ $142 Kg8 62. Rf3 Rxc5 63. Kg3) 61... Rch3 $19 62. Rf7+ Kg8 63. Rf2 Kg7 64. Rf5 $2 (64. Nc4 a4 (64... e4 $2 65. Nd6 $19) 65. bxa4 R1h2+ (65... e4 66. Nd6 $17) 66. Kg1 Rxf2 (66... Rh1+ $2 67. Kg2 $19) 67. Kxf2) 64... R1h2+ $19 65. Kg1 Re2 66. Nc4 Rc3 67. Nxa5 $2 (67. Rf2 Re1+ 68. Rf1) 67... Rc1+ $19 68. Rf1 Rxc5 69. Nc4 Rxa2 70. Rf5 Rd5 71. Nxe5 (71. Rf1 $142) 71... c5 $19 72. Rf7+ Kg8 73. Rf5 Rb2 74. Nc4 (74. Rg5+ $142 Kh7 75. Rh5+ Kg7 76. Rf5) 74... Rd1+ $19 (74... Rxb3 75. Rxd5 Rg3+ 76. Kf2 Rxg4 77. Ne5 $14 (77. Rxc5 Kf8 $14)) 75. Rf1 Rxf1+ ({Inferior is} 75... Rxb3 76. Rxd1 Rg3+ 77. Kf2 Rxg4 78. Rc1 $14) 76. Kxf1 Rxb3 77. Nd2 Rb4 78. Ke2 Rxg4 79. Kf3 Rh4 80. Ne4 c4 81. Nd6 c3 0-1

[Event "Mitropa Cup Open 2024"]
[Site "Apolda"]
[Date "2024.02.15"]
[Round "1.5"]
[White "Sahidi, Samir"]
[Black "Krstulovic, Alex"]
[Result "1-0"]
[ECO "B12"]
[WhiteElo "2478"]
[BlackElo "2414"]
[Annotator "TA"]
[PlyCount "81"]
[EventDate "2024.02.15"]
[EventType "team-tourn"]
[EventCountry "GER"]
[SourceTitle "playchess.com"]
[Source "ChessBase"]
[SourceQuality "1"]
[WhiteTeam "Slovakia"]
[BlackTeam "Hungary"]
[WhiteTeamCountry "SVK"]
[BlackTeamCountry "HUN"]
[TimeControl "40/5400+30:1800+30"]

1. e4 c6 2. d4 d5 3. e5 c5 4. dxc5 e6 5. Nf3 Bxc5 6. Bd3 Ne7 7. O-O Ng6 8. a3 {[%emt 0:01:33] The position is equal.} Qc7 9. Re1 Nd7 10. Qe2 Be7 11. g3 Nc5 12. h4 Nxd3 13. cxd3 h5 14. Nc3 Bd7 {[%emt 0:00:46] Wards off Nb5} 15. Bd2 Rc8 16. Rac1 Qb8 17. Nd4 Bc5 (17... a6 $14) 18. Ncb5 $16 O-O 19. Qxh5 {[%emt 0:05:57][%cal Od4f3] White has more active pieces.} Bxb5 20. Nxb5 a6 21. d4 Bb6 22. Rxc8 Qxc8 23. Nd6 Qc2 24. Bc3 f6 $2 (24... Ne7 $16 25. Qg4 (25. Nxb7 Nc6 $18) 25... f5) 25. exf6 (25. Nxb7 $2 fxe5 26. Qe2 Qxe2 27. Rxe2 exd4 $17) (25. Qg4 $142) 25... Rxf6 $18 26. Qe2 (26. Nxb7 Rxf2 (26... Qxf2+ 27. Kh1 Qxg3 28. Qg5 Qh3+ 29. Kg1 Nf4 30. Kf2 Nd3+ 31. Kg1 Nxe1 32. Qxg7+ Kxg7 33. Bxe1 Rf1#) (26... Qxf2+ 27. Kh1 Qxg3 28. Qg5 Qh3+ 29. Kg1 Nxh4 30. Nd6 Nf3+ 31. Kf2 Nxg5+ 32. Ke2 Ne4 33. Nxe4 dxe4 34. Rg1 Qd3+ 35. Ke1 Bc7 36. Bd2 e3 37. Bb4)) 26... Qa4 {[%emt 0:02:50] aiming for ...Qc6.} 27. Nxb7 {[%emt 0:06:57] Nc5 would now be deadly.} e5 (27... Qc6 $142) 28. Qg4 $2 (28. dxe5 $2 Rxf2 (28... Bxf2+ 29. Kh1 $19) 29. Qxf2 Bxf2+ 30. Kxf2 d4 $19) ({White should play} 28. Nc5 $18 Bxc5 29. dxc5) 28... exd4 $2 {[%emt 0:00:53][%mdl 8192] [#]} (28... Qc2 $11 {and Black stays safe.} 29. Re2 (29. dxe5 Rxf2 30. Qc8+ Rf8+ 31. Kh1 Rxc8 32. e6 Nxh4 33. gxh4 Rc4) 29... Qb1+ (29... Qd1+ 30. Kg2 $11) 30. Re1 Qc2) 29. h5 $1 Qc6 30. Bxd4 Bxd4 31. Qxd4 Qxb7 32. hxg6 Rxg6 {[%emt 0:00:01][%mdl 4096] Endgame. KQR-KQR} 33. Re8+ Kh7 34. Re5 Rd6 35. Qd3+ Kg8 36. Re8+ Kf7 37. Qe2 {[%emt 0:01:12] [#] Threatens to win with Qh5+.} d4 38. Qh5+ Rg6 39. Qh8 Rb6 $2 (39... Rc6 40. Qh5+ Rg6) 40. Qf8+ Kg6 41. Re7 {[%emt 0:30:26] Weighted Error Value: White=0.30/Black=0.45.  Loses game:     	---       	Black=2      Missed win:     	White=1     	---        Mistake:       	White=1     	Black=3      Inaccurate:     	---       	Black=4      OK:         	White=14    	Black=14     Best:        	White=3     	Black=2      Strong:       	White=1     	---} 1-0

[Event "Mitropa Cup Open 2024"]
[Site "Apolda"]
[Date "2024.02.15"]
[Round "1.6"]
[White "Juhasz, Agoston"]
[Black "Haring, Filip"]
[Result "0-1"]
[ECO "B12"]
[WhiteElo "2410"]
[BlackElo "2432"]
[Annotator "TA"]
[PlyCount "66"]
[EventDate "2024.02.15"]
[EventType "team-tourn"]
[EventCountry "GER"]
[SourceTitle "playchess.com"]
[Source "ChessBase"]
[SourceQuality "1"]
[WhiteTeam "Hungary"]
[BlackTeam "Slovakia"]
[WhiteTeamCountry "HUN"]
[BlackTeamCountry "SVK"]
[TimeControl "40/5400+30:1800+30"]

1. e4 c6 2. d4 d5 3. e5 Bf5 4. Nf3 e6 5. Be2 Nd7 6. O-O a5 7. a4 f6 8. exf6 Ngxf6 {[%emt 0:00:52] White has an edge.} 9. Nh4 Bd6 10. Nxf5 exf5 11. Bd3 g6 12. c4 O-O {[%emt 0:05:04] Active counter play!} 13. Nc3 dxc4 14. Bxc4+ Kg7 15. g3 Nb6 16. Be6 Qc7 17. Bd2 Rae8 18. Re1 f4 {[%emt 0:14:31][%cal Rf4g3] And now ...fxg3 would win.} 19. Kg2 h5 20. Rc1 Qd8 21. gxf4 {[%emt 0:07:02] [#]} (21. Qb3 $11) 21... Nfd5 ({Black should try} 21... Nh7 $1 $17 22. Bb3 Rxe1 23. Qxe1 Bxf4 24. Bxf4 Rxf4 25. Qe5+ Qf6 26. Qxf6+ Nxf6) 22. Nxd5 (22. Bxd5 $1 $11 {was the only way to keep the balance.} Nxd5 23. Rxe8 Qxe8 24. Nxd5 cxd5 25. Qe1 (25. Bxa5 Qe4+ 26. Qf3 Qxf3+ 27. Kxf3 Bxf4 $19) (25. Qf3 Rf5 $11)) 22... Nxd5 $17 23. Bxd5 {[%emt 0:01:30] [#] Rxe8 is the strong threat.} Rxe1 24. Qxe1 (24. Bxe1 $142 Bxf4 25. Rc5 (25. Bf3 $2 Qg5+ 26. Kf1 Bxc1 $19)) 24... Bxf4 25. Bxf4 (25. Bxa5 $2 {loses.} Qxd5+ 26. Kg1 Qg5+ (26... Bxc1 $2 27. b3 $19) 27. Kf1 Bxc1 $19) 25... Qxd5+ 26. f3 Rxf4 $19 {[%emt 0:00:05][%mdl 4096] Endgame. KQR-KQR} 27. Qe7+ Kh6 28. Rc3 (28. Rf1 $17 {was called for.}) 28... Qxd4 29. h4 $2 (29. Qe8 {was necessary.}) 29... Rxh4 {[%emt 0:05:25] aiming for ...Qd2+.} (29... Qxa4 30. Kg3 Rf5 31. Qe3+ Kg7 32. Rd3 $11) 30. Qf8+ Qg7 31. Qd8 Rd4 32. Qxa5 (32. Qe8 $19 Qf6 (32... Rxa4 $2 33. Qe3+ Kh7 34. Rc2 $19) 33. Re3) 32... Rd2+ 33. Kf1 Qe7 {[%emt 0:00:46] Weighted Error Value: White=0.57/Black=0.07 (flawless) .  Mistake:       	White=6     	Black=1      Inaccurate:     	White=3     	Black=1      OK:         	White=7     	Black=11     Best:        	White=1     	Black=6} 0-1

[Event "Mitropa Cup Open 2024"]
[Site "Apolda"]
[Date "2024.02.15"]
[Round "1.7"]
[White "Turcan, Richard"]
[Black "Pasztor, Balazs"]
[Result "0-1"]
[ECO "C65"]
[WhiteElo "2393"]
[BlackElo "2395"]
[Annotator "TA"]
[PlyCount "128"]
[EventDate "2024.02.15"]
[EventType "team-tourn"]
[EventCountry "GER"]
[SourceTitle "playchess.com"]
[Source "ChessBase"]
[SourceQuality "1"]
[WhiteTeam "Slovakia"]
[BlackTeam "Hungary"]
[WhiteTeamCountry "SVK"]
[BlackTeamCountry "HUN"]
[TimeControl "40/5400+30:1800+30"]

1. e4 e5 2. Nf3 Nc6 3. Bb5 Nf6 4. d3 Bc5 5. c3 O-O 6. O-O d5 7. exd5 Qxd5 8. Bc4 {[%emt 0:01:31] White has an edge.} Qd6 9. b4 Bb6 10. Nbd2 a5 11. b5 Ne7 12. a4 Bf5 13. Nb3 Nd7 14. Re1 {[%emt 0:04:35] aiming for Ba3.} Rfe8 $1 15. Ng5 Bg6 16. Qf3 Qf6 17. Qxf6 Nxf6 18. Ne4 ({Much worse is} 18. Rxe5 Bxf2+ 19. Kh1 Nf5 $15) 18... Rad8 19. Bb2 Nf5 20. Nxf6+ gxf6 21. Ba3 Nd6 22. Bxd6 Rxd6 23. Rad1 Kf8 24. Kf1 Re7 25. f3 f5 26. d4 f6 27. Nc5 c6 28. bxc6 (28. dxe5 $11 Rxd1 29. Rxd1 Bxc5 30. exf6) 28... Bxc5 $1 $15 29. dxc5 Rxc6 30. Rd8+ Kg7 31. Bd5 $1 Rxc5 32. c4 f4 33. Rg8+ Kh6 34. Rd1 {[%emt 0:00:04] Against Bd3+} (34. Ke2 $17 {was called for.}) 34... Bc2 $19 35. Rc1 (35. Rd2 {was necessary.} Bxa4 36. Rf8) 35... Bxa4 36. Rf8 Kg7 37. Rg8+ Kh6 38. Rf8 Bc6 39. Rxf6+ Kg5 40. Rd6 Bxd5 41. Rxd5 Rxd5 42. cxd5 {[%emt 0:00:00][%mdl 4096] Endgame. KR-KR} Rd7 43. Rb1 Rxd5 44. Rxb7 h5 45. Ke2 h4 46. Rg7+ (46. Ra7 $142) 46... Kf5 $1 47. Rh7 Rb5 {[%emt 0:04:36] White must now prevent ...Rb2+.} 48. Kd3 $2 (48. Ra7 {is a better chance.}) 48... Rb2 49. Rh5+ (49. Rxh4 $142 Rxg2 50. Rh5+ Ke6 51. Rh6+ Kd5 52. Ra6) 49... Ke6 50. Rxh4 Rxg2 51. Rh8 a4 $2 (51... Rf2 $19 52. Re8+ Kf6) 52. Re8+ $1 $15 Kd5 {[%emt 0:02:10] Black is more active.} 53. h4 {[%emt 0:00:05][%mdl 8192] [#] Now White is beyond hope.} (53. Rd8+ $17 Kc5 54. Rc8+ Kb4 55. Rb8+ Ka3 56. h4) 53... Rf2 $1 $19 54. Rd8+ {[%emt 0:00:04] [#]} Ke6 $1 55. Re8+ Kf6 56. Ke4 Re2+ 57. Kd5 Rd2+ 58. Kc4 a3 {[%emt 0:00:22] Hoping for ...a2.} 59. Ra8 a2 {[%emt 0:00:38][%cal Oe5e4] ...e4! would now be deadly.} 60. Ra6+ Kf5 61. h5 Rf2 62. h6 Rxf3 63. Rxa2 Rh3 64. Ra6 Ke4 {[%emt 0:00:35] Weighted Error Value: White=0.65/Black=0.21 (precise) .  Loses game:     	White=1     	---        Missed win:     	---       	Black=1      Mistake:       	White=6     	---        Inaccurate:     	White=1     	Black=5      OK:         	White=21    	Black=19     Best:        	White=3     	Black=4      Strong:       	White=2     	Black=4} 0-1

[Event "Mitropa Cup Open 2024"]
[Site "Apolda"]
[Date "2024.02.15"]
[Round "1.8"]
[White "Karacsonyi, Gellert"]
[Black "Bochnicka, Vladimir"]
[Result "1/2-1/2"]
[ECO "B30"]
[WhiteElo "2398"]
[BlackElo "2398"]
[Annotator "RC"]
[PlyCount "61"]
[EventDate "2024.02.15"]
[EventType "team-tourn"]
[EventCountry "GER"]
[SourceTitle "playchess.com"]
[Source "ChessBase"]
[SourceQuality "1"]
[WhiteTeam "Hungary"]
[BlackTeam "Slovakia"]
[WhiteTeamCountry "HUN"]
[BlackTeamCountry "SVK"]
[TimeControl "40/5400+30:1800+30"]

1. e4 c5 2. Nf3 Nc6 3. Bb5 e6 4. O-O Nge7 5. d4 cxd4 6. Nxd4 Ng6 7. Be3 Be7 8. c3 O-O 9. Nd2 a6 10. Be2 b5 11. Nxc6 dxc6 12. a4 Rb8 13. g3 Qc7 14. axb5 cxb5 15. Nb3 Bb7 16. f3 Ne5 17. Na5 Rfd8 18. Qc1 Ba8 19. Bd4 Nd7 20. Nb3 Bb7 21. Rd1 e5 22. Ba7 Ra8 23. Bf2 Nc5 24. Qc2 Nxb3 25. Qxb3 Bc5 26. Rxd8+ Rxd8 27. Rd1 Bxf2+ 28. Kxf2 h6 29. Ke1 Bc8 30. Rxd8+ Qxd8 31. Qd1 1/2-1/2

[Event "Mitropa Cup Open 2024"]
[Site "Apolda"]
[Date "2024.02.15"]
[Round "1.9"]
[White "Plenca, Jadranko"]
[Black "Georgiadis, Nico"]
[Result "1/2-1/2"]
[ECO "C65"]
[WhiteElo "2429"]
[BlackElo "2547"]
[Annotator "TA"]
[PlyCount "89"]
[EventDate "2024.02.15"]
[EventType "team-tourn"]
[EventCountry "GER"]
[SourceTitle "playchess.com"]
[Source "ChessBase"]
[SourceQuality "1"]
[WhiteTeam "Croatia"]
[BlackTeam "Switzerland"]
[WhiteTeamCountry "CRO"]
[BlackTeamCountry "SUI"]
[TimeControl "40/5400+30:1800+30"]

1. e4 e5 2. Nf3 Nc6 3. Bb5 Nf6 4. d3 Bc5 5. O-O Nd4 6. Nxd4 Bxd4 7. c3 Bb6 8. Ba4 O-O 9. Qf3 c6 10. Bb3 d6 11. Be3 h6 12. Bxb6 axb6 13. Nd2 Be6 14. Rfe1 b5 15. a3 Bxb3 16. Nxb3 Re8 17. d4 Qe7 18. Rad1 exd4 19. Nxd4 Qe5 20. Qd3 d5 (20... Nxe4 $2 {too greedy.} 21. f3 Nc5 22. Rxe5 $18) 21. Nf3 Qh5 22. exd5 Nxd5 23. Re4 Nb6 24. Rde1 Rxe4 25. Rxe4 Qc5 26. h3 Qf8 27. Qe2 Rd8 28. Nd4 Qd6 29. Re7 Rd7 30. Re8+ Kh7 31. h4 Nd5 $2 {[%emt 0:02:17][%mdl 8192] [#]} (31... Rd8 $11 {and Black has nothing to worry.}) 32. h5 $2 ({White must play} 32. Ne6 $1 $18 {[%cal Re6f8] Nf8+ would now be deadly.} fxe6 33. Qe4+ g6 34. Rxe6 Qxe6 (34... Qf8 $2 35. Qxg6+ Kh8 36. Re8 $18) 35. Qxe6) 32... Nf6 33. Qc2+ g6 34. hxg6+ fxg6 35. Re6 Qf8 36. Qe2 Qf7 37. Qf3 Nd5 {[%emt 0:00:43] The position is equal.} 38. Qe4 Re7 39. Qe5 Qg7 40. Qd6 Rxe6 41. Nxe6 Qe7 42. Qe5 Kg8 {[%emt 0:03:33] [#] And now ...Kf7 would win.} 43. Qb8+ Kh7 44. Qe5 Kg8 {[%emt 0:00:06] Threatens to win with ...Kf7.} 45. Qb8+ {[%emt 0:00:00] Weighted Error Value: White=0.13 (very precise) /Black=0.16 (very precise) .  Loses game:     	---       	Black=1      Missed win:     	White=1     	---        Inaccurate:     	White=1     	Black=1      OK:         	White=8     	Black=17     Best:        	White=2     	Black=2} 1/2-1/2